 Dungeon Crawl Stone Soup version 0.29-a0-91-gdebf4667c2 (webtiles) character file.

Game seed: 14349594989029499685

38 riojii the Insei (level 3, 0/23 HPs)
             Began as an Octopode Transmuter on Feb 8, 2022.
             Slain by an adder (1 damage)
             ... on level 2 of the Dungeon.
             The game lasted 00:01:15 (1564 turns).

riojii the Insei (Octopode Transmuter)              Turns: 1564, Time: 00:01:15

Health: 0/23       AC:  1    Str:  9    XL:     3   Next: 43%
Magic:  6/6        EV: 13    Int: 15    God:
Gold:   40         SH:  0    Dex: 14    Spells: 5/6 levels left

rFire   . . .      SeeInvis .     - Unarmed
rCold   . . .      Faith    .   (no shield)
rNeg    . . .      Spirit   .   (helmet restricted)
rPois   .          Reflect  .   (no amulet)
rElec   .          Harm     .   (no ring)
rCorr   .          Rampage  .   (no ring)
Will    .....                   (no ring)
Stlth   ++........              (no ring)
HPRegen 0.07/turn               (no ring)
MPRegen 0.10/turn               (no ring)
                                (no ring)
                                (no ring)

@: no status effects
A: almost no armour, amphibious, 8 rings, camouflage 1, gelatinous body 1,
(nimble swimmer 1), tentacles
a: no special abilities


You were on level 2 of the Dungeon.
You visited 1 branch of the dungeon, and saw 2 of its levels.

You collected 40 gold pieces.

Inventory:

Scrolls
 a - a scroll of silence {unknown}
 b - 2 scrolls of identify {unknown}
 e - a scroll of immolation {unknown}
 f - a scroll of acquirement {unknown}
Potions
 c - 2 potions of cancellation {unknown}
 d - a potion of degeneration {unknown}
 g - a potion of attraction {unknown}


   Skills:
 + Level 1.3 Fighting
 + Level 2.3 Dodging
 * Level 3.4 Unarmed Combat
 + Level 2.2 Spellcasting
 * Level 2.6 Transmutations


You had 5 spell levels left.
You knew the following spells:

 Your Spells              Type           Power      Damage    Failure   Level
a - Beastly Appendage     Tmut           18%        N/A       8%          1

Your spell library contained the following spells:

 Spells                   Type           Power      Damage    Failure   Level
 Wereblood                Tmut           9%         N/A       11%         2
 Spider Form              Tmut/Pois      5%         N/A       36%         3
 Ice Form                 Ice/Tmut       5%         N/A       77%         4


Dungeon Overview and Level Annotations

Branches:
Dungeon (2/15)

Altars:


Innate Abilities, Weirdness & Mutations

You cannot wear most types of armour.
You are amphibious.
You can wear up to eight rings at the same time.
Your skin changes colour to match your surroundings (Stealth+).
Your rubbery body absorbs attacks. (AC +1, EV +1)
((You are camouflaged when in or above water. (Stealth+)))
You have tentacles for arms and can constrict up to eight enemies at once.


Message History

The kobold throws a stone.
The stone completely misses you.
An adder comes into view.
The adder hisses angrily.
An endoplasm comes into view.
The kobold throws a stone.
The stone misses you.
Your transformation is almost over.
The kobold hits you but does no damage.
The endoplasm quivers.
You tentacle-slap the kobold but do no damage.
Your grab misses the kobold. The kobold barely misses you.
You miss the kobold. You grab the kobold. You constrict the kobold.
The kobold hits you but does no damage.
You release your grip on the kobold.
The kobold throws a stone.
The stone hits you. The adder bites you.
* * * LOW HITPOINT WARNING * * *
You are poisoned.
The adder poisons you!
* * * LOW HITPOINT WARNING * * *
You feel sick.
* * * LOW HITPOINT WARNING * * *
You feel sick.
The kobold throws a stone.
The stone misses you.
* * * LOW HITPOINT WARNING * * *
You feel sick.
You see here an adder corpse.
* * * LOW HITPOINT WARNING * * *
You feel sick.
You are no longer poisoned.
The adder misses you.
Your tentacle spike disappears.
Things that are here:
a +0 ring mail; a scroll labelled BESORGH SOYNAUL Unknown command.
Unknown command.
Unknown command.
The adder barely misses you. The adder misses you.
The adder closely misses you. x2
The adder bites you.
You die...

#.. ... #.# #..# #..
#.###..# #..# ###..
.... ...## #...# #..#
#..####...# #..# .
###.........# #..# ...
#.....###...###..#
....##.##@.....#..##..#
.......#SK.######.†...#
# ##..J### ####..####
#.†.## #.....# # ##.#.#
#..##.# ..#######..>.#
#..##.#
#..........#.###
#..##..
#.........##.....
##...##.
#........#######..
#..#...)


You could see an adder, an endoplasm and a kobold.

Vanquished Creatures
  An adder (D:2)
  2 ball pythons (D:1)
  5 endoplasms
  3 giant cockroaches
  3 goblins
  A hobgoblin (D:1)
  A quokka (D:1)
  3 bats
  4 kobolds
  A rat (D:1)
  A spectral hobgoblin (D:1)
25 creatures vanquished.

Notes
Turn   | Place    | Note
-------+----------+-------------------------------------------
     0 | D:1      | riojii the Octopode Transmuter began the quest for the Orb.
     0 | D:1      | Reached XP level 1. HP: 13/13 MP: 3/3
   442 | D:1      | Reached XP level 2. HP: 3/18 MP: 1/5
   850 | D:1      | Found a faded altar of an unknown god.
  1354 | D:2      | Reached XP level 3. HP: 23/23 MP: 4/6
  1558 | D:2      | HP: 1/23 [poisoned by an adder]
  1564 | D:2      | Slain by an adder

Illustrated notes

Levels and vault maps discovered:
D:1:      ncdulo_wetmaze, layout_rooms,
          dreamdust_ecumenical_altar_drowned_temple
D:2:      layout_rooms, serial_shops, shop_statue

Action                   || total
-------------------------++-------
Melee: Unarmed           ||    68
       Kick              ||    17
       Constrict         ||    14
       Tentacles         ||     8
       Punch             ||     2
 Cast: Beastly Appendage ||    20
 Stab: Sleeping          ||     4
Armor: Skin              ||     6
Dodge: Dodged            ||    43

Table legend: (Time is in decaauts)
 A = Elapsed time spent in this place.
 B = Non-inter-level travel time spent in this place.
 C = Inter-level travel time spent in this place.
 D = Time resting spent in this place.
 E = Time spent auto-exploring this place.
 F = Levels seen in this place.
 G = Mean time per level.
                   A        B        C        D        E       F      G
               +--------+--------+--------+--------+--------+-----+--------+
         Total |   1559 |   1531 |     28 |      0 |   1310 |   2 |  779.5 |
       Dungeon |   1559 |   1531 |     28 |      0 |   1310 |   2 |  779.5 |
               +--------+--------+--------+--------+--------+-----+--------+

Top non-repeatable levels by time:
     D:1: 1309 daAuts
     D:2: 250 daAuts
